 Dungeon Crawl Stone Soup version 0.19-a0-1051-gdb7e7f8 (webtiles) character file.

908 Jmtri7 the Fighter (level 8, -3/72 HPs)
             Began as a Formicid Fighter on Aug 2, 2016.
             Was an Initiate of Qazlal.
             Slain by an ogre
             ... wielding a +0 giant club
              (20 damage)
             ... on level 6 of the Dungeon.
             The game lasted 00:13:39 (3156 turns).

Jmtri7 the Fighter (Formicid Fighter)               Turns: 3156, Time: 00:13:40

Health: -3/72      AC: 13    Str: 21    XL:     8   Next: 29%
Magic:  8/8        EV:  4    Int: 10    God:    Qazlal [......]
Gold:   275        SH:  9    Dex: 10    Spells: 0 memorised, 7 levels left

rFire  . . .     SeeInvis +     v - +3 quarterstaff (chaos)
rCold  . . .     Gourm    .     p - +0 plate armour
rNeg   + . .     Faith    .     c - +0 shield
rPois  .         Spirit   .     (helmet unavailable)
rElec  .         Dismiss  .     w - +1 cloak {MR+}
rCorr  .         Reflect  .     (no gloves)
SustAt .         Harm     .     (no boots)
MR     +....                    h - amulet of regeneration
Stlth  ..........               (no ring)
                                g - ring of positive energy

@: somewhat resistant to hostile enchantments, extremely unstealthy
A: permanent stasis, dig shafts and tunnels, four strong arms, antennae 3
a: Dig, Shaft Self, Renounce Religion


You were on level 6 of the Dungeon.
You worshipped Qazlal.
Qazlal was noncommittal.
You were not hungry.

You visited 1 branch of the dungeon, and saw 6 of its levels.

You collected 275 gold pieces.

Inventory:

Hand Weapons
 v - a +3 quarterstaff of chaos (weapon)
Armour
 c - a +0 shield (worn)
 p - a +0 plate armour (worn)
 w - a +1 cloak of magic resistance (worn)
Jewellery
 g - a ring of positive energy (left hand)
 h - an amulet of regeneration (around neck)
Wands
 i - a wand of paralysis (11/24)
Scrolls
 a - a scroll of enchant weapon
 m - a scroll of amnesia {unknown}
 o - 6 scrolls of identify
 s - a scroll of recharging
Potions
 b - a potion of invisibility {unknown}
 d - 3 potions of might
 j - a potion of degeneration {unknown}
 k - a potion of mutation {unknown}
 l - 3 potions of curing
 q - 2 potions of agility {unknown}
 t - a potion of lignification {unknown}
Books
 e - Kikubaaqudgha's Papyrus of Stolen Souls
   (You found it on level 6 of the Dungeon)

   Spells                             Type                      Level
   a - Pain                           Necromancy                   1
 r - a Fen Folio

   Spells                             Type                      Level
   a - Corpse Rot                     Necromancy                   2
   b - Stone Arrow                    Conjuration/Earth            3
   c - Leda's Liquefaction            Hexes/Earth                  4
   d - Summon Forest                  Summoning/Translocation      5
   e - Hydra Form                     Transmutation                6
   f - Summon Hydra                   Summoning                    7
Comestibles
 f - 6 bread rations
 u - a beef jerky


   Skills:
 + Level 10.3 Fighting
   Level 2.0 Axes
 - Level 3.2 Armour
 - Level 3.6 Shields


You had 7 spell levels left.
You didn't know any spells.

Dungeon Overview and Level Annotations

Branches:
Dungeon (6/15)
 Temple: D:4-7

Altars:
Gozag
Kikubaaqudgha
Qazlal
Sif Muna
Vehumet

Shops:
D:5 (


Innate Abilities, Weirdness & Mutations

You are under a permanent stasis effect.
You can dig through walls and to a lower floor.
Your four strong arms can wield two-handed weapons with a shield.
You have a pair of large antennae on your head. (SInv)


Message History

Your shield prevents you from hitting the ogre.
The ogre is moderately wounded.
The ogre hits you with a giant club!
You sock the ogre! You burn the ogre.
The ogre is severely wounded.
The worker ant waves its antennae.
The worker ant bites you but does no damage.
The ogre hits you with a giant club!
Your shield and plate armour prevent you from hitting the ogre.
The ogre is severely wounded.
The worker ant bites you. The ogre hits you with a giant club!
* * * LOW HITPOINT WARNING * * *
You block the worker ant's attack.
You hit the ogre. You freeze the ogre.
The ogre is almost dead.
You block the worker ant's attack. You block the ogre's attack.
You hit the ogre.
The ogre is almost dead.
You block the worker ant's attack. The ogre hits you with a giant club!!
You die...

## .# ##########
.## #......... .8#
#.......# ###
#.......###### .###
#......a......
⌠..########.....@O#
..(...............#
#.###.#####.......#
.## #.# #######.#
.# #># .#
.8###.######## .#
##............ .#
####.######## .#
#.#


You could see an ogre and a worker ant.

Vanquished Creatures
  Grinder (D:5)
  An ice beast (D:5)
  An ogre (D:5)
  A giant frog (D:6)
  2 scorpions (D:4)
  A howler monkey (D:4)
  An electric eel (D:6)
  A crimson imp (D:6)
  Crazy Yiuf (D:5)
  2 iguanas
  A worker ant (D:5)
  A hound skeleton (D:4)
  A howler monkey zombie (D:5)
  A howler monkey skeleton (D:5)
  4 adders
  2 shadow imps
  An adder skeleton (D:4)
  A worm (D:2)
  A dart slug (D:1)
  3 giant geckos
  4 orcs
  4 bats
  7 giant cockroaches
  5 hobgoblins
  3 jackals (D:1)
  7 kobolds
  3 ball pythons
  A giant gecko zombie (D:5)
  3 giant newts
  7 goblins
  A quokka zombie (D:3)
  3 rats (D:1)
76 creatures vanquished.

Notes
Turn   | Place    | Note
-------+----------+-------------------------------------------
     0 | D:1      | Jmtri7 the Formicid Fighter began the quest for the Orb.
     0 | D:1      | Reached XP level 1. HP: 18/18 MP: 1/1
    66 | D:1      | Reached XP level 2. HP: 25/25 MP: 2/2
    84 | D:1      | Reached skill level 4 in Fighting
   164 | D:1      | Reached XP level 3. HP: 31/31 MP: 3/3
   649 | D:3      | Reached skill level 5 in Fighting
   678 | D:3      | Reached XP level 4. HP: 39/39 MP: 4/4
  1182 | D:4      | Reached skill level 6 in Fighting
  1182 | D:4      | Reached XP level 5. HP: 39/47 MP: 5/5
  1250 | D:4      | Reached XP level 6. HP: 14/53 MP: 6/6
  1376 | D:4      | Reached skill level 7 in Fighting
  1392 | D:4      | Found an opulent altar of Gozag.
  1498 | D:4      | Found a deep blue altar of Sif Muna.
  1778 | D:5      | Entered Level 5 of the Dungeon
  1910 | D:5      | Found a stormy altar of Qazlal.
  1916 | D:5      | Became a worshipper of Qazlal Stormbringer
  1993 | D:5      | Found Puoxtyar's Antique Weapon Emporium.
  2042 | D:5      | Found a runed door.
  2072 | D:5      | Noticed an ogre
  2085 | D:5      | Killed an ogre
  2085 | D:5      | Reached skill level 8 in Fighting
  2085 | D:5      | Reached XP level 7. HP: 29/62 MP: 7/7
  2101 | D:5      | Noticed Grinder
  2119 | D:5      | Killed Grinder
  2119 | D:5      | Reached skill level 9 in Fighting
  2538 | D:5      | Reached XP level 8. HP: 71/71 MP: 8/8
  2736 | D:5      | Noticed Crazy Yiuf
  2746 | D:5      | Killed Crazy Yiuf
  2920 | D:6      | Reached skill level 10 in Fighting
  2970 | D:6      | HP: 2/72 [electric eel/bolt of electricity (8)]
  3109 | D:6      | Found an ancient bone altar of Kikubaaqudgha.
  3119 | D:6      | Found a deep blue altar of Sif Muna.
  3121 | D:6      | Found a radiant altar of Vehumet.
  3124 | D:6      | Identified Kikubaaqudgha's Papyrus of Stolen Souls
  3156 | D:6      | Slain by an ogre

Vault maps used:
D:1:      dpeg_arrival_tiny_a, minmay_pentomino_z4
D:2:      grunt_decor_arrowhead, trog_book
D:3:      grunt_ministairs_2, minmay_misc_feat_rows
D:4:      nicolae_gozag_seed_capital, minivault_23, led_sif_pool
D:5:      grunt_qazlal_clouds, first_bread, serial_shops, shop_fountains,
          uniq_crazy_yiuf_cottage, uniq_grinder
D:6:      grunt_temple_overflow_magic_moments, nicolae_overflow_hidden_temple,
          serial_bayou_pond_b, supply_closet_lemuel, kennysheep_crisscross,
          uniq_menkaure, uniq_pikel, uniq_sigmund, uniq_eustachio

Skill      XL: |  1  2  3  4  5  6  7  8 |
---------------+-------------------------+-----
Fighting       | 4 5 6 8 9 10 | 10.3
Axes           | |  2.0
Armour         | |  3.2
Shields        | |  3.6

Action                   |  1- 3 |  4- 6 |  7- 9 || total
-------------------------+-------+-------+-------++-------
Melee: War axe           |    86 |   123 |    30 ||   239
       Quarterstaff      |       |       |    45 ||    45
Evoke: Wand              |       |       |     1 ||     1
  Use: Scroll            |     4 |     6 |       ||    10
       Potion            |       |       |     2 ||     2
  Eat: Chunk             |       |     4 |     4 ||     8
Armor: Scale mail        |    39 |    57 |     6 ||   102
       Plate armour      |       |       |    28 ||    28
Dodge: Dodged            |    29 |    42 |     9 ||    80
Block: Shield            |    51 |    47 |    32 ||   130
